 Dungeon Sprint DCSS version 0.20.1-1-g8b1a95d (webtiles) character file.

6 potatolord6000 the Caller (level 3, -5/45 HPs)
             Began as a Barachi Summoner on Aug 30, 2017.
             Was a Follower of Sif Muna.
             Slain by an orc warrior
             ... wielding a +0 war axe
              (10 damage)
             ... in the Dungeon (Sprint VI: "Thunderdome").
             The game lasted 00:03:21 (260 turns).

potatolord6000 the Caller (Barachi Summoner)         Turns: 260, Time: 00:03:22

Health: -5/45      AC:  2    Str: 14    XL:     3   Next: 89%
Magic:  3/8        EV: 14    Int: 16    God:    Sif Muna [*.....]
Gold:   210        SH:  0    Dex: 12    Spells: 6/10 levels left

rFire    . . .     SeeInvis .   (no weapon)
rCold    . . .     Gourm    .   (no shield)
rNeg     . . .     Faith    .   a - +0 robe
rPois    .         Spirit   .   (no helmet)
rElec    .         Reflect  .   (no cloak)
rCorr    .         Harm     .   (no gloves)
MR       .....     NoTele   +   (no boots)
Stlth    ..........             (no amulet)
Regen    0.2/turn               (no ring)
MPRegen  0.2/turn               (no ring)

@: berserking, hasted, quick
A: +LOS, swims, slowness 1, strong legs 1
a: Hop, Divine Energy, Renounce Religion


You were in the Dungeon.
You worshipped Sif Muna.
Sif Muna was aware of your devotion.
You were not hungry.

You visited 1 branch You collected 210 gold pieces.

Inventory:

Armour
 a - a +0 robe (worn)
Scrolls
 i - 4 scrolls of blinking
 m - 3 scrolls of fog
Potions
 f - 2 potions of haste
 j - a potion of resistance
Books
 b - a book of Callings

   Spells                             Type                      Level
   a - Summon Small Mammal            Summoning                    1
   b - Call Imp                       Summoning                    2
   c - Call Canine Familiar           Summoning                    3
   d - Summon Guardian Golem          Hexes/Summoning              3
   e - Summon Lightning Spire         Summoning/Air                4
   f - Summon Ice Beast               Ice/Summoning                4
Comestibles
 c - a bread ration


   Skills:
 + Level 3.9 Fighting
 + Level 4.4 Dodging
 - Level 1.7 Stealth
 + Level 4.2 Spellcasting
 + Level 6.5 Summonings


You had 6 spell levels left.
You knew the following spells:

 Your Spells              Type           Power        Failure   Level  Hunger
a - Summon Small Mammal   Summ           ###.         1%          1    None
b - Call Canine Familiar  Summ           ###.....     3%          3    ###....


Dungeon Overview and Level Annotations

Branches:
Dungeon (1/1)

Altars:
Cheibriados
Dithmenos
Fedhas
Gozag
Kikubaaqudgha
Makhleb
Okawaru
Qazlal
Ru
Sif Muna
Trog
Uskayaw
Vehumet
Xom
Yredelemnul
Zin
The Shining One
Beogh
Jiyva
Lugonu

Shops:
D *[??*?*:[((!!!!


Innate Abilities, Weirdness & Mutations

Shadows flee at your approach. (+LOS)
You can swim through water.
You cover ground slowly.
You can hop short distances.


Message History

Your rat disappears in a puff of smoke!
The orc warrior hits you with a war axe!
* * * LOW HITPOINT WARNING * * *
The orc warrior hits your rat with a war axe.
Your rat barely misses the orc warrior.
You closely miss the orc warrior.
The orc warrior is almost dead.
The orc warrior closely misses you.
The orc warrior hits your rat with a war axe.
Your rat dies!
Your rat's corpse disappears in a puff of smoke!
Unknown command.
You closely miss the orc warrior.
The orc warrior is almost dead.
Unknown command.
Unknown command.
You hit the orc warrior but do no damage.
The orc warrior is almost dead.
The orc warrior hits you with a war axe!
You die...

#⌠...........⌠#
###.........###
#_......._#
#_..)...._#
#........_#
#∩.......∩#
##∩§§.§.∩##
##...o.##
##⌠§@## #####


You could see an orc warrior.

Vanquished Creatures
  A jelly (D)
  An ooze (D)
  An orc (D)
3 creatures vanquished.

Vanquished Creatures (collateral kills)
  An orc wizard (D)
  3 oozes (D)
  2 orcs (D)
6 creatures vanquished.

Grand Total: 9 creatures vanquished

Notes
Turn   | Place    | Note
-------+----------+-------------------------------------------
     0 | D        | potatolord6000 the Barachi Summoner began the quest for the Orb.
     0 | D        | Reached XP level 1. HP: 13/13 MP: 3/3
     0 | D        | Found a roughly hewn altar of Beogh.
     5 | D        | Found an opulent altar of Gozag.
     5 | D        | Found a stormy altar of Qazlal.
     5 | D        | Round 1.
     6 | D        | Found a burning altar of Makhleb.
     6 | D        | Found a glowing silver altar of Zin.
     7 | D        | Found a bloodstained altar of Trog.
     7 | D        | Found a shimmering altar of Xom.
     8 | D        | Found a radiant altar of Vehumet.
     8 | D        | Found a sacrificial altar of Ru.
     8 | D        | Found Xetrycs's Magic Scroll Shop.
     8 | D        | Found Boudi's Staff Store.
     9 | D        | Found a basalt altar of Yredelemnul.
     9 | D        | Found Xyeloo's Magic Scroll Shop.
     9 | D        | Found Jeerim's Must-Have Magic.
     9 | D        | Found a corrupted altar of Lugonu.
     9 | D        | Found a shadowy altar of Dithmenos.
    28 | D        | Found an ancient bone altar of Kikubaaqudgha.
    29 | D        | Found a viscous altar of Jiyva.
    31 | D        | Found Xeammaz's Distillery.
    32 | D        | Found a hide-covered altar of Uskayaw.
    32 | D        | Found a deep blue altar of Sif Muna.
    32 | D        | Found an iron altar of Okawaru.
    32 | D        | Found Bitsogeo's Do-It-Yourself Clinic.
    33 | D        | Found Kic Oxkucu's Distillery.
    33 | D        | Found Humpiruy's Bottled Wisdom.
    38 | D        | Noticed a jelly
    61 | D        | Killed a jelly
    61 | D        | Reached skill level 5 in Summonings
    61 | D        | Reached XP level 2. HP: 13/23 MP: 1/6
    72 | D        | Reached XP level 3. HP: 28/29 MP: 2/8
    85 | D        | Found a snail-covered altar of Cheibriados.
    86 | D        | Found a blossoming altar of Fedhas.
   106 | D        | Reached skill level 6 in Summonings
   110 | D        | Became a worshipper of Sif Muna the Loreminder
   130 | D        | Learned a level 3 spell: Call Canine Familiar
   147 | D        | Arena points: 6 (+6) [x1]
   160 | D        | Round 2.
   173 | D        | Found Buidoyla's Weapon Rack.
   175 | D        | Found a glowing golden altar of the Shining One.
   175 | D        | Found Wicsylli's Premium Goods.
   176 | D        | Found Acsoi's Basic Armour.
   176 | D        | Found Vydiupt's Miscellaneous Merchandise.
   191 | D        | Found Beifreac's Identification Station.
   192 | D        | Found Maboinioj's Advanced Armour.
   192 | D        | Found Sasauff's Jewellery.
   235 | D        | Noticed an orc warrior
   241 | D        | Reached * piety under Sif Muna
   260 | D        | Slain by an orc warrior

Skill      XL: |  1  2  3 |
---------------+----------+-----
Fighting       | 2 3 |  3.9
Dodging        | 3 4 |  4.4
Spellcasting   | 3 4 |  4.2
Summonings     | 5 6 |  6.5
Stealth        | |  1.7

Action                   || total
-------------------------++-------
Melee: Unarmed           ||    46
 Cast: Summon Small Mamm ||    16
       Call Canine Famil ||     4
 Abil: Hop               ||     1
  Use: Potion            ||    10
 Stab: Distracted        ||     2
Armor: Robe              ||     7
Dodge: Dodged            ||    25
